 Seeded DCSS version 0.29.1-13-g9f3cf754e1 (webtiles) character file.

Game seed: 1 (custom seed)

72926 Kazon the Carver (level 15, 0/126 HPs)
             Began as a White Draconian Fighter on Jan 31, 2023.
             Was the Champion of Okawaru.
             Slain by an orc wizard
             ... wielding a +0 dagger
              (3 damage)
             ... on level 2 of the Orcish Mines on Feb 1, 2023.
             The game lasted 01:42:54 (15923 turns).

Kazon the Carver (White Draconian Fighter)         Turns: 15923, Time: 01:42:55

Health: 0/126      AC: 13    Str: 21    XL:     15   Next: 2%
Magic:  24/24      EV: 19    Int: 13    God:    Okawaru [******]
Gold:   1066       SH: 14    Dex: 26    Spells: 14/14 levels left

rFire   + + +      SeeInvis .   f - +5 Maxwell's thermic engine {flame, freeze}
rCold   + + .      Faith    .   r - +0 kite shield {reflect}
rNeg    . . .      Spirit   .   (body armour unavailable)
rPois   +          Reflect  +   U - +1 hat {Int+3}
rElec   .          Harm     .   O - scarf {rC+ rF+}
rCorr   .          Rampage  .   (no gloves)
Will    ++...                   l - +2 pair of boots
Stlth   +++.......              a - amulet "Odemouw" {Contam rPois rF+++ Regen+ Stlth+}
HPRegen 1.11/turn               d - ring of Coronation {Will+ Dex+6 Slay+3}
MPRegen 0.19/turn               E - +6 ring of dexterity

@: very slow
A: breathe frost, AC +9, unfitting armour, cold resistance 1, cold-blooded
a: Breathe Frost, Renounce Religion, Heroism, Finesse, Duel


You were on level 2 of the Orcish Mines.
You worshipped Okawaru.
Okawaru was exalted by your worship.
You visited 4 branches of the dungeon, and saw 21 of its levels.

You collected 2026 gold pieces.
You spent 960 gold pieces at shops.

Inventory:

Hand Weapons
 e - a +2 dagger of venom
 f - the +5 Maxwell's thermic engine (weapon) {flame, freeze}
   (You found it on level 1 of the Lair of Beasts)

   It burns those it strikes, dealing additional fire damage.
   Big, fiery blades are also staple armaments of hydra-hunters.
   It freezes those it strikes, dealing additional cold damage.
   It can also slow down cold-blooded creatures.
   It becomes more effective when it hits something.
   This effect fades over time.
 s - the +3 falchion of Winter {venom, rCorr}
   (You bought it in a shop on level 3 of the Dungeon)

   It poisons the flesh of those it strikes.
   rCorr:     It protects you from acid and corrosion.
Missiles
 j - 20 stones
 o - 26 boomerangs
 q - 5 javelins (quivered)
 t - 6 curare-tipped darts
 v - 34 poisoned darts
 y - a datura-tipped dart
Armour
 c - the +18 shield of the Gong {rElec rN+ Will+ EV-5}
   (Okawaru gifted it to you on level 10 of the Dungeon)

   It is deafeningly noisy when blocking attacks.
   EV:        It affects your evasion (-5).
   rElec:     It insulates you from electricity.
   rN:        It protects you from negative energy.
   Will:      It increases your willpower.
 l - a +2 pair of boots (worn)
 r - a +0 kite shield of reflection (worn)
 O - a scarf of resistance (worn)
 U - a +1 hat of intelligence (worn)
Jewellery
 a - the amulet "Odemouw" (around neck) {Contam rPois rF+++ Regen+ Stlth+}
   (You bought it in a shop on level 8 of the Dungeon)

   [amulet of regeneration]

   rF:        It renders you almost immune to fire.
   rPois:     It protects you from poison.
   Contam:    It causes magical contamination when unequipped.
   Regen:     It increases your rate of health regeneration.
   Stlth:     It makes you more stealthy.
 d - the ring of Coronation (left hand) {Will+ Dex+6 Slay+3}
   (You acquired it on level 1 of the Dungeon)

   [ring of dexterity]

   Dex:       It affects your dexterity (+6).
   Slay:      It affects your accuracy & damage with ranged weapons and melee
   (+3).
   Will:      It increases your willpower.
 E - a +6 ring of dexterity (right hand)
 G - a ring of protection from cold
Wands
 u - a wand of paralysis (18)
 A - a wand of mindburst (26)
 H - a wand of flame (51)
 I - a wand of roots (11)
 N - a wand of polymorph (10)
Scrolls
 h - 2 scrolls of enchant armour {unknown}
 i - 4 scrolls of identify
 m - a scroll of immolation
 p - a scroll of poison
 x - 3 scrolls of fear
 z - 4 scrolls of enchant weapon {unknown}
 C - 4 scrolls of teleportation
 D - a scroll of magic mapping
 F - 4 scrolls of fog {unknown}
 M - 2 scrolls of brand weapon {unknown}
 T - a scroll of silence {unknown}
Potions
 b - 4 potions of berserk rage {unknown}
 g - 2 potions of flight
 k - 4 potions of haste
 n - a potion of heal wounds
 w - 9 potions of lignification
 B - 3 potions of cancellation
 J - a potion of magic
 L - a potion of invisibility
 P - 3 potions of might
 S - 2 potions of mutation
 V - 4 potions of curing
Miscellaneous
 K - a condenser vane (inert)
 Q - a phial of floods (inert)
 R - a lightning rod (3/4)


   Skills:
 + Level 9.9 Fighting
 + Level 4.5(9.5) Short Blades
 + Level 12.9(13.2) Long Blades
 + Level 5.5 Throwing
 + Level 8.5 Dodging
 + Level 6.5 Stealth
 + Level 10.3 Shields
 * Level 12.5 Invocations
 * Level 11.2 Evocations


You had 14 spell levels left.
You didn't know any spells.
Your spell library contained the following spells:

 Spells                   Type           Power      Damage    Failure   Level
 Apportation              Tloc           0%         N/A       56%         1
 Magic Dart               Conj           0%         1d3       56%         1
 Necrotise                Necr           0%         1d4       56%         1
 Sting                    Tmut/Pois      0%         1d3       56%         1
 Poisonous Vapours        Pois/Air       0%         N/A       71%         2
 Mephitic Cloud           Conj/Pois/Air  0%         N/A       90%         3
 Ozocubu's Armour         Ice            0%         N/A       90%         3
 Olgreb's Toxic Radiance  Pois           0%         N/A       100%        4
 Blade Hands              Tmut           0%         N/A       100%        5
 Fireball                 Conj/Fire      0%         3d3       100%        5
 Iskenderun's Battlesphe  Conj           0%         2d6       100%        5
 Metabolic Englaciation   Hex/Ice        0%         N/A       100%        5
 Conjure Ball Lightning   Conj/Air       0%         3x3d6     100%        6
 Iron Shot                Conj/Erth      0%         9d1       100%        6
 Orb of Destruction       Conj           0%         9d5       100%        7
 Ozocubu's Refrigeration  Ice            0%         4d7       100%        7
 Summon Small Mammal      Summ           Unusable   N/A       N/A         1
 Call Imp                 Summ           Unusable   N/A       N/A         2
 Animate Armour           Summ/Erth      Unusable   N/A       N/A         4
 Simulacrum               Ice/Necr       Unusable   N/A       N/A         6

Dungeon Overview and Level Annotations

Branches:
Dungeon (13/15)            Temple (1/1) D:7            Lair (5/5) D:10
 Shoals (0/4) Lair:3       Spider (0/4) Lair:3        Slime (0/5) Lair:4
    Orc (2/2) D:12            Elf (0/3) Orc:2        Vaults (0/5) D:13

Altars:
Ashenzari
Dithmenos
Elyvilon
Gozag
Hepliaklqana
Kikubaaqudgha
Makhleb
Nemelex Xobeh
Okawaru
Qazlal
Uskayaw
Xom
Jiyva

Shops:
D:3 (   D:8 ?(==   D:10 :   D:13 !

Annotations:
Orc:2 1 runed translucent door, Unforgiven's ghost, journeyman HOHu


Innate Abilities, Weirdness & Mutations

You can breathe waves of freezing cold which knock back foes.
Your icy white scales are hard. (AC +9)
You cannot fit into any form of body armour.
Your flesh is cold resistant. (rC+)
You are cold-blooded and may be slowed by cold attacks.


Message History

Deactivating autopickup; reactivate with Ctrl-A.
The orc throws a boomerang.
You reflect the boomerang off your +0 kite shield of reflection!
The boomerang barely misses the orc.
You block the orc's attack. Something barely misses you.
Something hits you but does no damage. You block the orc warrior's attack.
The orc warrior barely misses you.
A magic dart appears from out of thin air!
The magic dart hits you but does no damage.
The orc priest mumbles some strange prayers to Beogh against you.
Beogh smites you!
* * * LOW HITPOINT WARNING * * *
Things that are here:
a +0 flail; a +0 ring mail; an orc corpse You hit the orc.
You burn the orc. You freeze the orc.
Your tail-slap misses the orc.
The orc is heavily wounded.
The orc warrior hits you from afar with a +0 trident!
* * * LOW HITPOINT WARNING * * *
The orc warrior hits you from afar with a +0 halberd!
* * * LOW HITPOINT WARNING * * *
You block the orc's attack.
You slice the orc!! You burn the orc.
You kill the orc!
Unknown command.
Aim the phial where?
Press: ? - help, Shift-Dir - straight line, f - orc warrior, p - orc warrior
Aim: an orc warrior, wielding a +0 trident and wearing a +0 chain mail (heavily wounded, strong)
The torrent of water hits the orc warrior!!
You kill the orc warrior!
Okawaru accepts your kill.
The wave splashes down.
Splash!
You fall into the shallow water.
Moving in this stuff is going to be slow.
The orc priest is engulfed in water. x2; The orc knight is engulfed in water.
The orc is engulfed in water.
The orc warrior is engulfed in water.
You hear a shout! x13
The orc warrior barely misses you. Something hits you.
You die... .... ...... # ##..... # .(..)..# . # ..)(.~~.## .## # ......)o~# ## #... .o. ....[)ooo#####.##.... oo).

.....o#o){.#.....#...$o)).
.......#~@.)........#.).).
......).##)#.......###...#
#############)......# .
##.#........#..
#...........#...
##...............
##...#...........
#....###.........
#.....#..........


You could see an orc knight (waterlogged), an orc warrior (waterlogged), 2 orc
priests and an orc (waterlogged).

Vanquished Creatures
  Rupert (D:12)
  Donald (Orc:2)
  Nessos (D:12)
  Azrael (D:13)
  A fire dragon (D:13)
  Fannar (Lair:2)
  2 hydras (D:13)
  Erolcha (D:10)
  4 catoblepae
  3 centaur warriors (D:13)
  A vault guard (D:13)
  3 two-headed ogres
  10 death yaks
  Urug (Orc:1)
  4 skeletal warriors (D:13)
  A fire crab (D:13)
  Lodul (D:12)
  2 orc knights (Orc:2)
  4 orc sorcerers
  A cyclops (D:12)
  A deep elf pyromancer (D:13)
  2 ugly things
  5 elephants (Lair:4)
  4 manticores
  5 black mambas
  11 cane toads
  Maggie (D:6)
  4 rime drakes
  2 unseen horrors
  14 komodo dragons
  4 kobold demonologists (D:11)
  A tengu conjurer (D:12)
  5 trolls
  Prince Ribbit (D:9)
  A queen bee (shapeshifter) (D:13)
  A polar bear (Lair:4)
  5 dream sheep (Lair:4)
  17 blink frogs
  A snapping turtle (Lair:3)
  2 shadows
  2 vampires
  2 wraiths (D:12)
  63 yaks
  2 fire elementals (D:13)
  5 wyverns
  4 basilisks
  Eustachio (D:5)
  4 vampire mosquitoes (D:13)
  2 steam dragons
  Menkaure (D:5)
  Edmund (D:6)
  2 wargs (Orc:1)
  2 acid dragons
  16 water moccasins
  2 hell hounds (D:13)
  22 orc warriors
  An ice beast (D:8)
  5 sky beasts
  2 black bears (D:6)
  5 centaurs
  11 ogres
  A wolf (D:10)
  2 phantoms (D:6)
  3 kobold brigands
  3 necrophages
  6 bullfrogs
  A gnoll sergeant (D:7)
  10 scorpions
  21 wights
  3 killer bees (D:10)
  3 electric eels
  A howler monkey (D:5)
  2 jellies (D:6)
  22 orc priests
  6 hounds
  2 gnoll boudas
  6 iguanas
  24 orc wizards
  4 hell rats
  Robin (D:3)
  18 gnolls
  13 adders
  3 shadow imps
  2 white imps (D:7)
  An ufetubus (D:5)
  4 worms
  81 orcs
  11 endoplasms
  3 giant cockroaches
  16 goblins
  9 hobgoblins
  A jackal (D:4)
  27 kobolds
  A quokka (D:1)
  5 ball pythons
  4 bats
  3 frilled lizards
  6 rats
615 creatures vanquished.

Vanquished Creatures (collateral kills)
  An orc warlord (Orc:2)
  2 orc warriors (Orc:2)
  2 orc priests (Orc:2)
  2 orcs (Orc:2)
7 creatures vanquished.

Vanquished Creatures (others)
  2 orc warriors (Orc:2)
  A quokka (D:7)
  22 fungi
  32 plants
57 creatures vanquished.

Grand Total: 679 creatures vanquished

Notes
Turn   | Place    | Note
-------+----------+-------------------------------------------
     0 | D:1      | Kazon the Draconian Fighter began the quest for the Orb.
     0 | D:1      | Reached XP level 1. HP: 19/19 MP: 1/1
    37 | D:1      | Identified a scroll of acquirement
    37 | D:1      | Acquired the ring of Coronation {Will+ Dex+6 Slay+3}
   156 | D:1      | Reached XP level 2. HP: 26/26 MP: 2/2
   840 | D:2      | Reached XP level 3. HP: 33/33 MP: 3/3
  1150 | D:2      | Reached XP level 4. HP: 17/40 MP: 4/4
  1377 | D:3      | Found Umat's Antique Weapon Boutique.
  1404 | D:3      | Bought a crude falchion for 184 gold pieces
  1404 | D:3      | Identified the +3 falchion of Winter {venom, rCorr} (You
                  | bought it in a shop on level 3 of the Dungeon)
  1470 | D:3      | You fall into a shaft and drop 3 floors!
  1536 | D:7      | Found a staircase to the Ecumenical Temple.
  1541 | D:7      | Noticed a kobold brigand
  1545 | Temple   | Entered the Ecumenical Temple
  1552 | Temple   | Became a worshipper of Warmaster Okawaru
  1573 | Temple   | Killed a kobold brigand
  1574 | Temple   | Reached skill level 1 in Stealth
  1574 | Temple   | Reached skill level 1 in Invocations
  1574 | Temple   | Reached XP level 5. HP: 29/46 MP: 5/5
  1767 | D:7      | Found a hide-covered altar of Uskayaw.
  1874 | D:6      | Noticed an orc warrior
  1878 | D:6      | Reached skill level 1 in Short Blades
  1887 | D:6      | Killed an orc warrior
  1888 | D:6      | Reached skill level 1 in Evocations
  1888 | D:6      | Reached XP level 6. HP: 28/53 MP: 7/7
  2048 | D:5      | Entered Level 5 of the Dungeon
  2264 | D:4      | Reached * piety under Okawaru
  2265 | D:4      | Your scales start taking on an icy white colour.
  2265 | D:4      | Reached XP level 7. HP: 50/60 MP: 8/8
  2265 | D:4      | Gained mutation: Your flesh is cold resistant. (rC+) [White
                  | Draconian growth]
  2615 | D:3      | Noticed Robin
  2617 | D:3      | Reached skill level 5 in Long Blades
  2627 | D:3      | Killed Robin
  2661 | D:3      | Reached skill level 5 in Shields
  2661 | D:3      | Reached skill level 5 in Evocations
  2661 | D:3      | Reached XP level 8. HP: 68/70 MP: 9/12
  3176 | D:4      | Found a hazy altar of Hepliaklqana.
  3652 | D:5      | Noticed Eustachio
  3668 | D:5      | Killed Eustachio
  3669 | D:5      | Reached skill level 5 in Dodging
  3681 | D:5      | Reached ** piety under Okawaru
  3863 | D:5      | Noticed Menkaure
  3868 | D:5      | Killed Menkaure
  3869 | D:5      | Reached XP level 9. HP: 36/77 MP: 13/13
  4377 | D:6      | Noticed Maggie
  4393 | D:6      | Killed Maggie
  4393 | D:6      | Reached *** piety under Okawaru
  4679 | D:6      | Reached **** piety under Okawaru
  4680 | D:6      | Reached XP level 10. HP: 73/84 MP: 15/15
  4691 | D:6      | Noticed Edmund
  4706 | D:6      | Killed Edmund
  4922 | D:7      | Reached skill level 5 in Stealth
  4995 | D:7      | Found a white marble altar of Elyvilon.
  5466 | D:8      | Found Quzidd's Magic Scroll Emporium.
  5483 | D:8      | Bought a scroll of teleportation for 42 gold pieces
  5757 | D:8      | Found Esumer's Weapon Shop.
  6034 | D:8      | Found Zoxtaeshakh's Jewellery Boutique.
  6088 | D:8      | Found Heidghoki's Jewellery Shop.
  6392 | D:9      | Reached ***** piety under Okawaru
  6526 | D:9      | Noticed a two-headed ogre
  6538 | D:9      | Killed a two-headed ogre
  6613 | D:9      | Noticed Prince Ribbit
  6642 | D:9      | Killed Prince Ribbit
  6673 | D:9      | Received a gift from Okawaru
  6860 | D:10     | Entered Level 10 of the Dungeon
  6959 | D:10     | Found a staircase to the Lair.
  6966 | D:10     | Reached XP level 11. HP: 69/91 MP: 17/17
  7017 | D:10     | Noticed Erolcha
  7027 | D:10     | Killed Erolcha
  7045 | D:10     | Identified the +5 long sword of the Land of Plenty {drain,
                  | Dex+3}
  7154 | D:10     | Found Juagoaq's Book Shoppe.
  7802 | D:10     | Received a gift from Okawaru
  7802 | D:10     | Found the +18 shield of the Gong {rElec rN+ Will+ EV-5}
  8228 | D:11     | Noticed a green ugly thing
  8244 | D:11     | Killed a green ugly thing
  8887 | D:12     | Noticed Lodul
  8909 | D:12     | Killed Lodul
  8910 | D:12     | Reached XP level 12. HP: 69/101 MP: 18/18
  8933 | D:12     | Noticed Nessos
  8943 | D:12     | Killed Nessos
  8961 | D:12     | Noticed a two-headed ogre
  9005 | D:12     | Killed a two-headed ogre
  9173 | D:8      | Bought the amulet "Odemouw" {Contam rPois rF+++ Regen+
                  | Stlth+} for 734 gold pieces
  9278 | Lair:1   | Entered Level 1 of the Lair of Beasts
  9482 | Lair:1   | Found the +2 Maxwell's thermic engine {flame, freeze}
  9494 | Lair:1   | Received a gift from Okawaru
 10009 | Lair:2   | Noticed a catoblepas
 10025 | Lair:2   | Killed a catoblepas
 10028 | Lair:2   | Reached skill level 10 in Long Blades
 10054 | Lair:2   | Noticed Fannar
 10066 | Lair:2   | Reached skill level 10 in Invocations
 10079 | Lair:2   | Killed Fannar
 10079 | Lair:2   | Reached ****** piety under Okawaru
 10132 | Lair:2   | Received a gift from Okawaru
 10893 | Lair:3   | Noticed a death yak
 10893 | Lair:3   | Noticed a death yak
 10897 | Lair:3   | Noticed a death yak
 10898 | Lair:3   | Noticed a death yak
 10900 | Lair:3   | Reached XP level 13. HP: 101/107 MP: 20/20
 10936 | Lair:3   | Found an ancient bone altar of Kikubaaqudgha.
 11040 | Lair:3   | Found a staircase to the Shoals.
 11264 | Lair:3   | Found a hole to the Spider Nest.
 11491 | Lair:3   | Received a gift from Okawaru
 11641 | Lair:4   | Reached skill level 5 in Throwing
 11756 | Lair:4   | Found a staircase to the Slime Pits.
 11758 | Lair:4   | Found a viscous altar of Jiyva.
 12192 | Lair:5   | Entered Level 5 of the Lair of Beasts
 12240 | Lair:5   | Identified the +0 cloak "Geomie" {+Blink rElec rCorr Int-3}
                  | (Okawaru gifted it to you on level 5 of the Lair of Beasts)
 12240 | Lair:5   | Received a gift from Okawaru
 12949 | Lair:5   | Reached skill level 10 in Evocations
 13376 | Lair:5   | Reached XP level 14. HP: 77/118 MP: 22/22
 13446 | Lair:5   | Received a gift from Okawaru
 13914 | D:12     | Found a staircase to the Orcish Mines.
 14045 | D:12     | Noticed Rupert
 14053 | D:12     | Killed Rupert
 14421 | D:13     | Noticed Azrael
 14437 | D:13     | Killed Azrael
 14647 | D:13     | Received a gift from Okawaru
 14698 | D:13     | Found a gate to the Vaults.
 14796 | D:13     | Identified the +8 glaive "Cioleadu" {protect, rF- Str+4
                  | Int+2} (Okawaru gifted it to you on level 13 of the
                  | Dungeon)
 14796 | D:13     | Received a gift from Okawaru
 14845 | D:13     | Reached skill level 10 in Shields
 14858 | D:13     | Found Ituota Roil's Distillery.
 15166 | Orc:1    | Entered Level 1 of the Orcish Mines
 15179 | Orc:1    | Noticed Urug
 15208 | Orc:1    | Killed Urug
 15657 | Orc:2    | Entered Level 2 of the Orcish Mines
 15657 | Orc:2    | Found a staircase to the Elven Halls.
 15704 | Orc:2    | Noticed Donald
 15747 | Orc:2    | Noticed Unforgiven's ghost (journeyman HOHu)
 15796 | Orc:2    | Found a runed translucent door.
 15821 | Orc:2    | Noticed an orc warlord
 15834 | Orc:2    | Killed an orc warlord
 15847 | Orc:2    | Killed Donald
 15901 | Orc:2    | Reached XP level 15. HP: 81/126 MP: 24/24
 15921 | Orc:2    | HP: 1/126 [orc warrior/+0 halberd (13)]
 15923 | Orc:2    | Slain by an orc wizard

Illustrated notes

Levels and vault maps discovered:
D:1:      dpeg_arrival_three_smaller_balls, layout_basic
D:2:      layout_loops_ring
D:3:      layout_basic, serial_shops, nicolae_shop_stone, st_stairs_9,
          minmay_misc_feat_doors, eino_curves_03, uniq_robin
D:4:      minmay_wonky_spiral, layout_basic,
          mainiacjoe_overflow_surrounded_room, minivault_5
D:5:      layout_cave_pods, uniq_menkaure, uniq_eustachio
D:6:      cheibrodos_barr_body, layout_basic, minmay_crystal_room,
          minmay_pentangle, uniq_maggie, uniq_edmund
D:7:      layout_cave_pools, nicolae_uskayaw_murder_on_the_dancefloor,
          elyvilon_altar_4, minmay_temple_entry_purple_smoke
D:8:      layout_basic, serial_shops, shop_statue, kennysheep_little_box, shop,
          nicolae_shop_window_shopping
D:9:      layout_cave_pools, uniq_prince_ribbit1
D:10:     layout_stronghold, erik_lair_island, serial_shops,
          nicolae_shop_statue_plus, uniq_erolcha
D:11:     layout_roguey
D:12:     layout_loops_ring, orc_0_dummy, chequers_serial_rivers_marsh,
          uniq_lodul, uniq_nessos, uniq_rupert
D:13:     layout_gridville, david_vaults_5, serial_shops,
          nicolae_shop_behind_doors, minmay_fractal_squares_gapless_5,
          uniq_azrael
Temple:   nicolae_temple_bog_church
Lair:1:   layout_long_grid, fungi_pond_lemuel, cheibrodos_lair_reptile_den
Lair:2:   layout_gridlike, uniq_fannar
Lair:3:   layout_roguey, minmay_shoals_entry_hut,
          nicolae_spider_entry_non_spiders, basic_altar, serial_bayou_crossing
Lair:4:   layout_gridlike, slime_entry_1, serial_rivers,
          chequers_serial_rivers_room_a, chequers_serial_rivers_micro_c,
          chequers_serial_rivers_room_a, chequers_serial_rivers_micro_e,
          minivault_27, grunt_megastairs_3, infiniplex_staircase_pool_2
Lair:5:   evilmike_catoblepas_cave, layout_long_grid
Orc:1:    layout_caves, basic_altar, uniq_urug
Orc:2:    st_orc_congregation, layout_caves, gauntlet_entry_generic,
          hellmonk_ghost_happy_afterlife, uniq_donald

Skill      XL: |  1  2  3  4  5  6  7  8  9 10 11 12 13 14 |
---------------+-------------------------------------------+-----
Long Blades    | 3 4 6 7 8 9 10 11 12 | 12.9
Fighting       | 4 6 7 8 9 |  9.9
Dodging        | 3 4 5 6 7 8 |  8.5
Stealth        | 1 4 5 6 |  6.5
Invocations    | 1 2 6 7 8 9 10 11 12 | 12.5
Short Blades   | 1 3 4 |  4.5
Evocations     | 1 5 6 7 8 9 10 11 | 11.2
Throwing       | 3 4 5 |  5.5
Shields        | 5 6 7 8 9 10 | 10.3

Action                   |  1- 3 |  4- 6 |  7- 9 | 10-12 | 13-15 || total
-------------------------+-------+-------+-------+-------+-------++-------
Melee: Long sword        |    53 |       |       |   152 |       ||   205
       Tailslap          |     7 |    13 |    17 |   126 |   116 ||   279
       Dagger            |    15 |    13 |    47 |    93 |    28 ||   196
       Falchion          |       |    60 |   150 |   295 |   182 ||   687
       Double sword      |       |       |       |    82 |   410 ||   492
Throw: Stone             |     2 |     1 |    10 |    84 |    68 ||   165
       Dart              |       |       |     6 |    30 |    35 ||    71
       Boomerang         |       |       |     5 |     9 |    13 ||    27
       Throwing net      |       |       |       |       |     1 ||     1
       Javelin           |       |       |       |       |     1 ||     1
Invok: Heroism           |       |       |       |     6 |     1 ||     7
       Finesse           |       |       |       |     1 |       ||     1
 Abil: Breathe Frost     |       |       |    26 |    46 |    36 ||   108
Evoke: Wand              |       |       |     4 |     6 |     4 ||    14
       Condenser vane    |       |       |       |     1 |     1 ||     2
       Phial of floods   |       |       |       |     1 |     1 ||     2
       Lightning rod     |       |       |       |       |     6 ||     6
  Use: Scroll            |     1 |     1 |     1 |    11 |     5 ||    19
       Potion            |       |     2 |     3 |     2 |       ||     7
 Stab: Sleeping          |     2 |     2 |     9 |     7 |     4 ||    24
       Distracted        |       |       |       |     2 |     2 ||     4
       Paralysed         |       |       |       |     4 |     2 ||     6
       Petrified         |       |       |       |     3 |       ||     3
       Held in net/web   |       |       |       |       |     2 ||     2
Armor: Skin              |    14 |    19 |    77 |    71 |    76 ||   257
Dodge: Dodged            |    46 |    43 |   126 |   195 |   103 ||   513
Block: Buckler           |    20 |    19 |    62 |    65 |       ||   166
       Kite shield       |       |       |       |   319 |   668 ||   987
       Reflection        |       |       |       |       |     4 ||     4
